 Dungeon Crawl Stone Soup version 0.30-a0-777-ga9a30cbeda (webtiles) character file.

Game seed: 1133151728298144170

182 Firecrotchwizard the Chopper (level 5, -2/48 HPs)
             Began as a Hill Orc Monk on Feb 13, 2023.
             Slain by an iguana (9 damage)
             ... on level 5 of the Dungeon.
             The game lasted 00:04:50 (2416 turns).

Firecrotchwizard the Chopper (Hill Orc Monk)        Turns: 2416, Time: 00:04:50

Health: -2/48      AC:  3    Str: 16    XL:     5   Next: 62%
Magic:  5/5        EV: 12    Int: 10    God:
Gold:   117        SH:  0    Dex: 13    Spells: 4/4 levels left

rFire   . . .      SeeInvis .    m - +2 whip (venom)
rCold   . . .      Faith    .    (no shield)
rNeg    . . .      Spirit   .    l - +0 toga "Victory" {*Victory Clar}
rPois   .          Reflect  .    (no helmet)
rElec   .          Harm     .    (no cloak)
rCorr   .          Rampage  .    (no gloves)
Will    .....      Clarity  +    t - +0 pair of boots
Stlth   ++                       (no amulet)
HPRegen 0.28/turn                (no ring)
MPRegen 0.09/turn                (no ring)

@: no status effects
A: no striking features
a: Convert to Beogh


You were on level 5 of the Dungeon.
You visited 1 branch of the dungeon, and saw 5 of its levels.

You collected 117 gold pieces.

Inventory:

Hand Weapons
 a - a +0 hand axe
 d - a +1 dagger of venom
   (You took it off a kobold on level 1 of the Dungeon)
 m - a +2 whip of venom (weapon)
   (You took it off a kobold on level 4 of the Dungeon)
Missiles
 u - 3 javelins (quivered)
Armour
 b - a +0 robe
 l - the +0 toga "Victory" (worn) {*Victory Clar}
   (You found it on level 4 of the Dungeon)

   *Victory:  When the wearer kills a threatening monster, it has a chance to
   gain +1 AC, +1 Slay, and +1 Int, capping at +7.
   When the wearer uses a scroll or a potion with a hostile monster in sight,
   its bonuses reset to +0.
   Unequipping it also resets its bonuses to +0.
   Clar:      It protects you against confusion.
 s - a +0 kite shield
   (You found it on level 4 of the Dungeon)
 t - a +0 pair of boots (worn)
   (You found it on level 4 of the Dungeon)
 v - a +0 ring mail
   (You found it on level 5 of the Dungeon)
Jewellery
 o - a +6 ring of strength
   (You found it on level 4 of the Dungeon)
Scrolls
 c - 2 scrolls of noise {unknown}
 e - a scroll of acquirement {unknown}
 f - 2 scrolls of enchant armour {unknown}
 h - a scroll of enchant weapon {unknown}
 i - a scroll of fog {unknown}
 k - a scroll of amnesia {unknown}
 p - a scroll of identify {unknown}
 q - a scroll of magic mapping {unknown}
 r - a scroll of immolation {unknown}
Potions
 g - 3 potions of lignification {unknown}
 j - 2 potions of curing {unknown}
 n - a potion of invisibility {unknown}


   Skills:
 + Level 5.0 Fighting
 * Level 6.6 Axes
 - Level 2.6 Dodging
 - Level 1.9 Stealth


You had 4 spell levels left.
You didn't know any spells.
Your spell library contained the following spells:

 Spells                   Type           Power      Damage    Failure   Level
 Apportation              Tloc           0%         N/A       36%         1
 Necrotise                Necr           0%         1d4       36%         1
 Summon Small Mammal      Summ           0%         N/A       36%         1
 Lesser Beckoning         Tloc           0%         N/A       50%         2
 Gell's Gravitas          Tloc           0%         N/A       75%         3
 Portal Projectile        Hex/Tloc       0%         N/A       75%         3
 Teleport Other           Tloc           0%         N/A       75%         3
 Tukima's Dance           Hex            0%         N/A       75%         3
 Blade Hands              Tmut           0%         N/A       100%        5


Dungeon Overview and Level Annotations

Branches:
Dungeon (5/15)
 Temple: D:4-7

Altars:
The Shining One


Message History

You kill the goblin!
No target in view!
No target in view!
There is an open door here.
You see here a +0 dagger.
u - 5 javelins (gained 1)
Things that are here:
a +0 club; a +0 sling; a goblin corpse You open the door.
There is an open door here.
You open the door.
There is an open door here.
Done exploring.
Done exploring.
(D) Dungeon
Where to? (Enter - D:3 @ (x,y), ? - help)
There is a stone staircase leading down here.
You climb downwards.
There is a stone staircase leading up here.
A jackal comes into view.
You throw a javelin.
The javelin pierces through the jackal but does no damage.
The jackal barks!
You hear a bark!
A jackal comes into view.
You throw a javelin. The javelin closely misses the jackal.
The javelin pierces through the jackal!
You kill the jackal!
The jackal bites you but does no damage.
You hit the jackal. The jackal closely misses you.
You hit the jackal but do no damage.
The jackal is poisoned.
The jackal bites you. x2
You take 2 damage, and have 46/48 hp.
You closely miss the jackal. The jackal misses you.
You hit the jackal.
The jackal looks as sick as possible!
You kill the jackal!
An adder comes into view.
The adder hisses angrily.
You closely miss the adder. The adder misses you.
You hit the adder.
The adder is poisoned.
The adder misses you. The adder bites you.
You take 2 damage, and have 45/48 hp.
You hit the adder. The adder misses you.
You hit the adder.
You kill the adder!
An iguana comes into view.
You see here a +0 ring mail.
v - a +0 ring mail An orc wizard comes into view.
It is wielding a +0 dagger.
The orc wizard shouts!
The orc wizard points at you and mumbles some strange words.
You feel momentarily confused.
You hear a shout!
You see here 2 javelins.
An orc comes into view. It is wielding a +0 hand axe.
Health restored: 48 An ufetubus and an orc come into view.
The iguana hisses angrily.
An orc priest comes into view. It is wielding a +0 club.
Sorry, you're not good enough to have a special ability.
Unknown command.
Sorry, you're not good enough to have a special ability.
The orc wizard points at you and mumbles some strange words.
You resist with some effort.
You see here 2 javelins.
The orc wizard gestures at you while chanting.
The puff of flame hits you!
You take 7 damage, and have 41/48 hp.
You closely miss the ufetubus.
The ufetubus hits you but does no damage.
The ufetubus closely misses you.
You hit the ufetubus.
The ufetubus is poisoned.
The ufetubus hits you.
The ufetubus hits you but does no damage.
An orc comes into view. It is wielding a +0 whip.
The iguana bites you! The ufetubus closely misses you. The ufetubus hits you.
You take 10 damage, and have 32/48 hp.
MASSIVE DAMAGE!!
The orc shouts!
You hit the iguana but do no damage.
You hear a shout!
The ufetubus hits you. x2; The iguana bites you!
You take 12 damage, and have 20/48 hp.
MASSIVE DAMAGE!!
You hit the iguana but do no damage.
The iguana is poisoned.
You kill the ufetubus!
The iguana closely misses you.
You closely miss the iguana.
The iguana bites you but does no damage.
Unknown command.
The orc priest shouts, "Join the one true god or die!" (press Y on the ability menu to convert to Beogh)
You hit the iguana but do no damage.
The iguana looks even sicker.
The iguana bites you!
* * * LOW HITPOINT WARNING * * *
The orc hits you with a +0 hand axe.
* * * LOW HITPOINT WARNING * * *
You take 14 damage, and have 6/48 hp.
MASSIVE DAMAGE!!
You hit the iguana but do no damage.
The iguana looks as sick as possible!
The orc hits you but does no damage. The iguana bites you!
You die...

#. #.# #.# #
#.#########
#.##..oo@.#<.#
#.#..o###l##.#
#.#....l.....#
..###)...(.##.#........
.........#.##.##.##.###
.......o.#.##.##[.. ..
.........#.##.#####. #
.........#.##.. ..
.........#.#### #


You could see an iguana (extremely poisoned), an orc priest and 2 orcs.

Vanquished Creatures
  A phantom (D:4)
  A gnoll (D:1)
  3 adders
  3 ufetubi
  A worm (D:4)
  4 dart slugs
  An orc (D:3)
  2 ball pythons
  2 endoplasms
  2 giant cockroaches
  2 goblins (D:4)
  6 hobgoblins
  5 jackals
  3 quokkas
  A bat (D:3)
  A frilled lizard (D:1)
  7 kobolds
  2 rats
47 creatures vanquished.

Notes
Turn   | Place    | Note
-------+----------+-------------------------------------------
     0 | D:1      | Firecrotchwizard the Hill Orc Monk began the quest for the
                  | Orb.
     0 | D:1      | Reached XP level 1. HP: 19/19 MP: 1/1
    19 | D:1      | Reached XP level 2. HP: 12/27 MP: 2/2
   442 | D:1      | Reached skill level 4 in Fighting
   498 | D:2      | Reached XP level 3. HP: 32/33 MP: 3/3
   837 | D:3      | Found a glowing golden altar of the Shining One.
   968 | D:3      | Found a faded altar of an unknown god.
   969 | D:3      | Noticed a floating eye
   972 | D:3      | Noticed a shining eye
   972 | D:3      | Noticed a great orb of eyes
   972 | D:3      | Noticed a shining eye
   995 | D:3      | Reached skill level 5 in Axes
  1312 | D:4      | Found the +0 toga "Victory" {*Victory Clar}
  1322 | D:4      | Reached XP level 4. HP: 41/41 MP: 4/4
  1324 | D:4      | Noticed a phantom
  1918 | D:4      | HP: 6/41 [phantom (7)]
  1935 | D:4      | Killed a phantom
  1936 | D:4      | Reached skill level 6 in Axes
  1936 | D:4      | Reached XP level 5. HP: 26/47 MP: 5/5
  2099 | D:4      | Reached skill level 5 in Fighting
  2380 | D:5      | Entered Level 5 of the Dungeon
  2415 | D:5      | HP: 8/48 [iguana (12)]
  2416 | D:5      | Slain by an iguana

Illustrated notes

Levels and vault maps discovered:
D:1:      minmay_arrival_solitary_statue, layout_basic
D:2:      layout_rooms, kennysheep_flooded_box, minmay_ruptured
D:3:      layout_basic, mainiacjoe_overflow_alcove_1,
          hellmonk_ecumenical_altar_watching_god
D:4:      layout_gridville
D:5:      layout_basic, uniq_ijyb

Skill      XL: |  1  2  3  4  5 |
---------------+----------------+-----
Fighting       | 4 5 |  5.0
Axes           | 5 6 |  6.6
Dodging        | |  2.6
Stealth        | |  1.9

Action                     |  1- 3 |  4- 6 || total
---------------------------+-------+-------++-------
  Melee: Hand axe          |    26 |       ||    26
         Dagger            |    60 |     2 ||    62
         Whip              |       |    75 ||    75
         Punch             |       |     1 ||     1
  Throw: Stone             |       |    10 ||    10
         Javelin           |       |     3 ||     3
    Use: Potion            |       |     1 ||     1
   Stab: Sleeping          |     3 |       ||     3
 Armour: Robe              |     7 |    10 ||    17
  Dodge: Dodged            |    53 |    43 ||    96

Table legend: (Time is in decaauts)
 A = Elapsed time spent in this place.
 B = Non-inter-level travel time spent in this place.
 C = Inter-level travel time spent in this place.
 D = Time resting spent in this place.
 E = Time spent auto-exploring this place.
 F = Levels seen in this place.
 G = Mean time per level.
                   A        B        C        D        E       F      G
               +--------+--------+--------+--------+--------+-----+--------+
         Total |   2417 |   2296 |    121 |    455 |   1386 |   5 |  483.4 |
       Dungeon |   2417 |   2296 |    121 |    455 |   1386 |   5 |  483.4 |
               +--------+--------+--------+--------+--------+-----+--------+

Top non-repeatable levels by time:
     D:4: 964 daAuts
     D:3: 837 daAuts
     D:1: 491 daAuts
     D:2: 86 daAuts
     D:5: 35 daAuts

Table legend:
 A = Kills in this place as a percentage of kills in entire the game.
 B = Kills by you in this place as a percentage of kills by you in the entire game.
 C = Kills by friends in this place as a percentage of kills by friends in the entire game.
 D = Other kills in this place as a percentage of other kills in the entire game.
 E = Experience gained in this place as a percentage of experience gained in the entire game.
 F = Experience gained in this place divided by the number of levels of this place that you have seen.
                   A       B       C       D       E      F
               +-------+-------+-------+-------+-------+----------------------
         Total | 100.0 | 100.0 |   N/A |   N/A | 100.0 |  52.2
       Dungeon | 100.0 | 100.0 |   N/A |   N/A | 100.0 |  52.2
               +-------+-------+-------+-------+-------+----------------------
